 Dungeon Crawl Stone Soup version 0.23-a0-641-g0a7f1ce553 (webtiles) character file.

56443 HereIgoKillingAgain the Severer (level 14, 0/106 HPs)
             Began as a Demonspawn Fighter on Dec 30, 2018.
             Was the Champion of Makhleb.
             Slain by a ten-headed hydra (9 damage)
             ... on level 6 of the Lair of Beasts.
             The game lasted 00:29:11 (17367 turns).

HereIgoKillingAgain the Severer (DsFi)             Turns: 17367, Time: 00:29:12

Health: 0/106      AC: 10    Str: 21    XL:     14   Next: 42%
Magic:  0/28       EV: 11    Int: 11    God:    Makhleb [******]
Gold:   1420       SH:  0    Dex: 14    Spells: 13/13 levels left

rFire    . . .     SeeInvis +   x - +9 battleaxe
rCold    . . .     Gourm    .   (shield currently unavailable)
rNeg     . . .     Faith    .   c - +3 troll leather armour {Snorg}
rPois    .         Spirit   +   (helmet restricted)
rElec    .         Reflect  .   i - +2 cloak
rCorr    .         Harm     .   (no gloves)
MR       ++...     Clarity  +   (no boots)
Stlth    +.........             o - amulet of magic regeneration
HPRegen  4.67/turn              t - ring of protection from magic
MPRegen  0.67/turn              F - ring of see invisible

@: no status effects
A: antennae 2, agile 1, clarity, deterioration 1, high mp 1, powered by death 3,
magic shield, magic regeneration
a: Minor Destruction, Lesser Servant of Makhleb, Major Destruction, Greater
Servant of Makhleb, Renounce Religion


You were on level 6 of the Lair of Beasts.
You worshipped Makhleb.
Makhleb was exalted by your worship.
You were very hungry.

You visited 3 branches of the dungeon, and saw 19 of its levels.

You collected 1420 gold pieces.

Inventory:

Hand Weapons
 d - a +5 trident of venom
 x - a +9 battleaxe (weapon)
Armour
 c - a +3 troll leather armour (worn) {Snorg}
 g - a scarf of resistance
 i - a +2 cloak (worn)
 G - a +0 chain mail of cold resistance
Jewellery
 o - an amulet of magic regeneration (around neck)
 t - a ring of protection from magic (left hand)
 F - a ring of see invisible (right hand)
 I - an uncursed ring of protection from cold
 J - an uncursed ring of flight
 L - a cursed amulet of the gourmand {unknown}
Wands
 j - a wand of enslavement (5)
 r - a wand of clouds (4)
 s - a wand of flame (51)
 u - a wand of digging (11)
 w - a wand of iceblast (2)
 z - a wand of acid (6)
 A - a wand of random effects (36)
Scrolls
 a - a scroll of enchant armour
 b - a scroll of fear
 l - a scroll of fog
 m - 2 scrolls of amnesia
 n - 4 scrolls of immolation
 y - 6 scrolls of remove curse
 C - a scroll of identify
 D - a scroll of blinking
 H - 2 scrolls of teleportation
 K - a scroll of torment
Potions
 e - 3 potions of brilliance
 h - a potion of resistance
 k - 2 potions of haste
 p - a potion of cancellation
 q - 2 potions of heal wounds
 v - 3 potions of curing
 B - a potion of magic
 E - a potion of agility
Comestibles
 f - 32 rations


   Skills:
 - Level 8.7 Fighting
 + Level 17.3 Axes
 - Level 2.6 Armour
   Level 2.6 Shields
 + Level 15.7 Invocations
 - Level 5.5 Evocations


You had 13 spell levels left.
You didn't know any spells.
Your spell library contained the following spells:

 Spells                   Type           Power        Failure   Level  Hunger
 Animate Skeleton         Necr           N/A          38%         1    ##.....
 Apportation              Tloc           #.....       38%         1    ##.....
 Beastly Appendage        Tmut           #.....       38%         1    ##.....
 Confusing Touch          Hex            #.....       38%         1    ##.....
 Corona                   Hex            #......      38%         1    ##.....
 Flame Tongue             Conj/Fire      #....        38%         1    ##.....
 Sting                    Conj/Pois      #...         38%         1    ##.....
 Summon Small Mammal      Summ           #...         38%         1    ##.....
 Poisonous Vapours        Pois/Air       #.....       52%         2    ###....
 Slow                     Hex            #.......     52%         2    ###....
 Sticks to Snakes         Tmut           #.......     52%         2    ###....
 Throw Flame              Conj/Fire      #.....       52%         2    ###....
 Conjure Flame            Conj/Fire      #.......     77%         3    ####...
 Inner Flame              Hex/Fire       #.......     77%         3    ####...
 Mephitic Cloud           Conj/Pois/Air  #.......     77%         3    ####...
 Portal Projectile        Hex/Tloc       #.....       77%         3    ####...
 Spider Form              Tmut/Pois      #.........   77%         3    ####...
 Cause Fear               Hex            #.........   99%         4    #####..
 Ice Form                 Ice/Tmut       #.......     99%         4    #####..
 Leda's Liquefaction      Hex/Erth       #.........   99%         4    #####..
 Olgreb's Toxic Radiance  Pois           #.......     99%         4    #####..
 Sticky Flame             Conj/Fire      #.......     99%         4    #####..
 Blade Hands              Tmut           #.........   100%        5    ######.
 Bolt of Magma            Conj/Fire/Erth #.........   100%        5    ######.
 Fireball                 Conj/Fire      #.........   100%        5    ######.
 Iskenderun's Battlesphe  Conj/Chrm      #.......     100%        5    ######.
 Venom Bolt               Conj/Pois      #.........   100%        5    ######.
 Iron Shot                Conj/Erth      #.........   100%        6    #######
 Orb of Destruction       Conj           #.........   100%        7    #######
 Spellforged Servitor     Conj/Summ      #.........   100%        7    #######


Dungeon Overview and Level Annotations

Branches:
Dungeon (12/15)            Temple (1/1) D:4            Lair (6/6) D:10
 Shoals (0/4) Lair:4       Spider (0/4) Lair:4          Orc (0/2) D:11
  Slime: Lair:5-6

Altars:
Ashenzari
Cheibriados
Dithmenos
Elyvilon
Fedhas
Gozag
Hepliaklqana
Kikubaaqudgha
Makhleb
Nemelex Xobeh
Okawaru
Qazlal
Ru
Sif Muna
Trog
Uskayaw
Vehumet
Wu Jian
Xom
Yredelemnul
Zin
The Shining One
Jiyva

Shops:
D:6 :

Annotations:
D:6 1 runed door, Syrinius's ghost, novice DrTm
Lair:6 1 runed door


Innate Abilities, Weirdness & Mutations

You have a pair of antennae on your head.
You regenerate a lot of health from kills.
When hurt, damage is shared between your health and your magic reserves.
You regenerate magic rapidly.
You are agile. (Dex +2)
You possess an exceptional clarity of mind.
Your body sometimes deteriorates upon taking damage.
You have an increased reservoir of magic. (+10% MP)


Message History

Unknown command.
You lop one of the nine-headed hydra's heads off!
The eight-headed hydra grows two more!
You slash the ten-headed hydra!
The ten-headed hydra is almost dead.
You slice the yak!!
You kill the yak!
Makhleb accepts your kill.
You feel better.
You slash the yak!
The ten-headed hydra bites you but does no damage.
The ten-headed hydra bites you!
* * * LOW HITPOINT WARNING * * *
The ten-headed hydra bites you!
* * * LOW HITPOINT WARNING * * *
The ten-headed hydra misses you.
The ten-headed hydra closely misses you. x2
The ten-headed hydra bites you but does no damage.
The ten-headed hydra bites you!
* * * LOW HITPOINT WARNING * * *
The ten-headed hydra bites you!
You die...

.#.#........#
............#
...........# #
#.........##.#
#P.........# ##......#
##...#YY## #.P..#YDY##
..... #.....@..P##
.....# #...........#
.......####..<.......#
.........#..........##
....................##
... ....##..........#
...####..............##
..#.....<...........#.#
##........#..........##


You could see a ten-headed hydra and 4 yaks.

Vanquished Creatures
  5 hydras
  Harold (D:10)
  2 two-headed ogres
  An anaconda (Lair:4)
  Nergalle (Lair:1)
  2 skeletal warriors (D:12)
  Pikel (D:9)
  An ugly thing (D:10)
  7 elephants (Lair:6)
  10 black mambas
  Joseph (D:7)
  Maurice (D:9)
  A gargoyle (D:11)
  11 spiny frogs
  2 rime drakes
  A kobold demonologist (D:9)
  9 komodo dragons
  A jumping spider (Lair:4)
  13 polar bears
  A raiju (Lair:6)
  Grinder (D:4)
  A slime creature (D:12)
  A dream sheep (Lair:6)
  6 hippogriffs
  A snapping turtle (Lair:4)
  13 blink frogs
  Sigmund (D:4)
  A wyvern (Lair:6)
  2 redbacks (Lair:4)
  35 yaks
  A wraith (D:9)
  4 basilisks
  Eustachio (D:4)
  Grum (D:9)
  Menkaure (D:4)
  4 wargs (Lair:6)
  16 hell hounds (Lair:6)
  21 water moccasins
  14 porcupines
  15 black bears
  4 orc warriors
  4 sky beasts
  3 ice beasts
  A phantom (D:6)
  69 wolves
  An eye of draining (D:11)
  5 ogres
  2 centaurs
  15 crocodiles
  4 big kobolds
  16 bullfrogs
  A gnoll sergeant (D:8)
  3 wyvern zombies
  A water moccasin skeleton (D:10)
  6 scorpions
  16 killer bees
  8 wights
  4 howler monkeys
  9 crimson imps
  4 jellies
  2 bullfrog zombies
  5 hounds
  3 orc priests
  Crazy Yiuf (D:3)
  7 orc wizards
  5 bullfrog skeletons
  2 centaur skeletons
  Jessica (D:3)
  Ijyb (D:4)
  3 iguanas
  6 worker ants
  A hound zombie (D:9)
  4 gnolls (D:8)
  8 adders
  2 oozes
  4 adder skeletons
  4 worms
  4 leopard geckos
  45 orcs
  4 ball pythons
  2 giant cockroaches
  9 goblins
  6 hobgoblins
  6 jackals
  20 kobolds
  6 quokkas
  7 bats
  6 frilled lizards
  A jackal skeleton (D:6)
  2 quokka skeletons
  3 quokka zombies
  8 rats
  7 fungi
  3 plants
586 creatures vanquished.

Vanquished Creatures (collateral kills)
  Snorg (D:11)
  A troll (D:11)
  2 yaks (D:11)
  An ice beast (D:11)
  A sky beast (D:11)
  A crimson imp (D:11)
  A hound (D:11)
8 creatures vanquished.

Vanquished Creatures (others)
  3 yaks (D:9)
  4 slaves (D:9)
  2 bullfrogs (D:9)
  A leopard gecko (D:9)
  7 fungi
  9 plants
  8 toadstools (D:5)
  2 withered plants (D:6)
36 creatures vanquished.

Grand Total: 630 creatures vanquished

Notes
Turn   | Place    | Note
-------+----------+-------------------------------------------
     0 | D:1      | HereIgoKillingAgain the Demonspawn Fighter began the quest
                  | for the Orb.
     0 | D:1      | Reached XP level 1. HP: 18/18 MP: 1/1
    22 | D:1      | Reached skill level 2 in Axes
   319 | D:1      | Gained mutation: You regenerate a little health from kills.
                  | [demonic ancestry]
   319 | D:1      | Reached XP level 2. HP: 24/24 MP: 2/2
   345 | D:1      | You fall through a shaft!
   346 | D:2      | Noticed a howler monkey
   351 | D:2      | Killed a howler monkey
   351 | D:2      | Reached skill level 3 in Axes
   351 | D:2      | Reached XP level 3. HP: 29/29 MP: 3/3
   529 | D:1      | Reached skill level 4 in Axes
   529 | D:1      | Reached XP level 4. HP: 23/35 MP: 4/4
  1890 | D:2      | Found a sacrificial altar of Ru.
  1891 | D:2      | Found a shimmering altar of Xom.
  1894 | D:2      | Found an iron altar of Okawaru.
  1895 | D:2      | Found a shattered altar of Ashenzari.
  1896 | D:2      | Found a hazy altar of Hepliaklqana.
  1896 | D:2      | Found an opulent altar of Gozag.
  1896 | D:2      | Found a deep blue altar of Sif Muna.
  1896 | D:2      | Found a white marble altar of Elyvilon.
  1897 | D:2      | Found a stormy altar of Qazlal.
  1899 | D:2      | Found an ornate altar of the Wu Jian Council.
  1900 | D:2      | Found a glowing golden altar of the Shining One.
  1957 | D:3      | Gained mutation: You regenerate health from kills. [demonic
                  | ancestry]
  1957 | D:3      | Reached XP level 5. HP: 41/41 MP: 5/5
  2116 | D:3      | Reached skill level 5 in Axes
  2168 | D:3      | Noticed Jessica
  2173 | D:3      | Killed Jessica
  2545 | D:3      | Found a runed door.
  2896 | D:3      | Noticed Crazy Yiuf
  2909 | D:3      | Killed Crazy Yiuf
  3075 | D:4      | Noticed Sigmund
  3080 | D:4      | Killed Sigmund
  3080 | D:4      | Reached skill level 6 in Axes
  3080 | D:4      | Reached XP level 6. HP: 40/47 MP: 6/6
  3255 | D:4      | Noticed Grinder
  3272 | D:4      | Paralysed by Grinder for 4 turns
  3279 | D:4      | Killed Grinder
  3279 | D:4      | Reached skill level 7 in Axes
  3279 | D:4      | Gained mutation: When hurt, damage is shared between your
                  | health and your magic reserves. [demonic ancestry]
  3279 | D:4      | Reached XP level 7. HP: 6/52 MP: 7/7
  3695 | D:4      | Noticed Ijyb
  3704 | D:4      | Killed Ijyb
  3749 | D:4      | Found a staircase to the Ecumenical Temple.
  3821 | Temple   | Entered the Ecumenical Temple
  3882 | Temple   | Became a worshipper of Makhleb the Destroyer
  3998 | D:4      | Noticed Eustachio
  4024 | D:4      | Killed Eustachio
  4024 | D:4      | Reached skill level 8 in Axes
  4035 | D:4      | Noticed Menkaure
  4041 | D:4      | Killed Menkaure
  4345 | D:5      | Entered Level 5 of the Dungeon
  4454 | D:5      | Got a crystal dagger
  4455 | D:5      | Identified the +9 dagger of Puilorph {pierce, *Noise MR+++
                  | Str-2 Stlth+} (You found it on level 5 of the Dungeon)
  4506 | D:5      | Gained mutation: You have a pair of small antennae on your
                  | head. [demonic ancestry]
  4506 | D:5      | Reached XP level 8. HP: 45/58 MP: 6/8
  4799 | D:5      | Reached skill level 1 in Invocations
  4834 | D:5      | Reached skill level 9 in Axes
  4854 | D:5      | Noticed a slime creature
  4854 | D:5      | Noticed a slime creature
  4854 | D:5      | Noticed a slime creature
  5431 | D:6      | Reached * piety under Makhleb
  5745 | D:6      | Found a runed door.
  5747 | D:6      | Noticed Syrinius's ghost (novice DrTm)
  5990 | D:6      | Found Seshufau's Book Shop.
  6017 | D:6      | Gained mutation: You regenerate a lot of health from kills.
                  | [demonic ancestry]
  6017 | D:6      | Reached XP level 9. HP: 50/66 MP: 8/12
  6282 | D:7      | Reached skill level 10 in Axes
  6297 | D:7      | Noticed Joseph
  6311 | D:7      | Reached skill level 5 in Fighting
  6311 | D:7      | Reached skill level 5 in Invocations
  6322 | D:7      | Killed Joseph
  6624 | D:7      | Reached ** piety under Makhleb
  6626 | D:7      | You fall through a shaft!
  6651 | D:8      | Noticed a two-headed ogre
  6687 | D:8      | Killed a two-headed ogre
  6687 | D:8      | Reached skill level 11 in Axes
  6896 | D:7      | Reached XP level 10. HP: 72/77 MP: 9/15
  7374 | D:8      | Found a blossoming altar of Fedhas.
  7385 | D:8      | You fall through a shaft for 2 floors!
  7385 | D:10     | Entered Level 10 of the Dungeon
  7448 | D:9      | Reached *** piety under Makhleb
  7476 | D:9      | Noticed a two-headed ogre
  7492 | D:9      | Killed a two-headed ogre
  7492 | D:9      | Reached skill level 1 in Evocations
  7695 | D:9      | Gained mutation: You have an increased reservoir of magic.
                  | (+10% MP) [potion of mutation]
  7695 | D:9      | Gained mutation: Your body sometimes deteriorates upon
                  | taking damage. [potion of mutation]
  7695 | D:9      | Gained mutation: You possess an exceptional clarity of
                  | mind. [potion of mutation]
  7695 | D:9      | Gained mutation: You are agile. (Dex +2) [potion of
                  | mutation]
  8008 | D:9      | Found a glowing silver altar of Zin.
  8226 | D:9      | Noticed Maurice
  8245 | D:9      | Killed Maurice
  8286 | D:9      | Noticed Grum
  8298 | D:9      | Killed Grum
  8658 | D:9      | Reached skill level 12 in Axes
  8770 | D:9      | Noticed Pikel
  8784 | D:9      | Killed Pikel
  8784 | D:9      | Reached XP level 11. HP: 80/84 MP: 16/19
  9427 | D:9      | Reached **** piety under Makhleb
 10104 | D:10     | Noticed a green ugly thing
 10121 | D:10     | Killed a green ugly thing
 10334 | D:10     | Noticed an eight-headed hydra
 10338 | D:10     | Killed an eight-headed hydra
 10505 | D:10     | Noticed Harold
 10521 | D:10     | Killed Harold
 10815 | D:10     | Found a staircase to the Lair.
 10931 | D:10     | Reached skill level 5 in Evocations
 11201 | D:11     | Reached skill level 10 in Invocations
 11222 | D:11     | Found a staircase to the Orcish Mines.
 11362 | D:11     | Reached skill level 13 in Axes
 11457 | D:11     | Noticed Snorg
 11592 | D:11     | Killed Snorg
 11781 | D:11     | Gained mutation: You have a pair of antennae on your head.
                  | [demonic ancestry]
 11781 | D:11     | Reached XP level 12. HP: 92/94 MP: 18/21
 11886 | D:12     | Found a hazy altar of Hepliaklqana.
 12113 | Lair:1   | Entered Level 1 of the Lair of Beasts
 12192 | Lair:1   | Noticed Nergalle
 12217 | Lair:1   | Killed Nergalle
 12217 | Lair:1   | Reached skill level 14 in Axes
 12944 | Lair:2   | Reached ***** piety under Makhleb
 12953 | Lair:2   | Reached skill level 15 in Axes
 13973 | Lair:3   | Reached XP level 13. HP: 78/99 MP: 8/23
 14706 | Lair:4   | Reached skill level 16 in Axes
 15507 | Lair:4   | Found a staircase to the Shoals.
 15560 | Lair:4   | Found a hole to the Spider Nest.
 16022 | Lair:5   | Reached ****** piety under Makhleb
 16098 | Lair:5   | You fall through a shaft!
 16098 | Lair:6   | Entered Level 6 of the Lair of Beasts
 16287 | Lair:5   | Found a gate leading to a gauntlet.
 16371 | Lair:5   | Got a bloodstained trident
 16374 | Lair:5   | Identified the +9 trident of Omotimne {venom, -Tele rElec
                  | Str-4 Int+5} (You found it on level 5 of the Lair of
                  | Beasts)
 16435 | Lair:5   | Gained mutation: You regenerate magic rapidly. [demonic
                  | ancestry]
 16435 | Lair:5   | Reached XP level 14. HP: 106/106 MP: 19/27
 16926 | Lair:6   | Found a runed door.
 16926 | Lair:6   | Found a viscous altar of Jiyva.
 16948 | Lair:6   | Reached skill level 17 in Axes
 16969 | Lair:6   | Reached skill level 15 in Invocations
 17367 | Lair:6   | Slain by a ten-headed hydra

Vault maps used:
D:1:      erik_arrival_cave_to_civilisation
D:2:      minitemple
D:3:      first_ration, kennysheep_generic_room_9, uniq_crazy_yiuf_cottage,
          uniq_jessica
D:4:      minmay_temple_entry_fiery, serial_bayou_pond_e, uniq_menkaure,
          uniq_sigmund, uniq_ijyb, uniq_grinder, uniq_eustachio
D:5:      cheibrodos_fertilizer, minmay_manual_mess
D:6:      gammafunk_ghost_grave, serial_shops, shop, kennysheep_small_spiral
D:7:      uniq_joseph
D:8:      fedhas_ov_isle_minmay
D:9:      minmay_imperfect_grid, zin_treasury, uniq_pikel, uniq_maurice,
          uniq_grum
D:10:     grunt_lair_entry_orc_guard_hut, uniq_harold
D:11:     david_orc_2, uniq_snorg
D:12:     grunt_livestock, hangedman_decor_growths, lemuel_altar_in_water
Temple:   jpeg_temple_island
Lair:1:   cheibrodos_lair_lostbears, grunt_megastairs_3, lemuel_fruit_fields,
          serial_bayou_shore_b, uniq_nergalle
Lair:2:   infiniplex_staircase_pool_2
Lair:3:   cheibrodos_lair_caveside_slide, grunt_megastairs_1
Lair:4:   beast_lair_carwin_large_4, minmay_shoals_entry_hut,
          spider_nest_entry_funnel_web, enter_volcano_4,
          minmay_stone_trees_small, grunt_forest_large_clearings
Lair:5:   gauntlet_entry_generic, minivault_26
Lair:6:   wormcave, hangedman_lair_caniforms_friends, slime_altar_2,
          grunt_megastairs_4

Skill      XL: |  1  2  3  4  5  6  7  8  9 10 11 12 13 14 |
---------------+-------------------------------------------+-----
Axes           | 2 3 4 6 7 8 9 11 12 13 15 16 17 | 17.3
Invocations    | 4 7 9 10 11 14 15 | 15.7
Fighting       | 4 6 7 8 |  8.7
Evocations     | 3 5 |  5.5
Armour         | |  2.6
Shields        | |  2.6

Action                   |  1- 3 |  4- 6 |  7- 9 | 10-12 | 13-15 || total
-------------------------+-------+-------+-------+-------+-------++-------
Melee: War axe           |    67 |   165 |   337 |   686 |       ||  1255
       Quarterstaff      |       |    28 |     7 |       |       ||    35
       Dagger            |       |       |    16 |       |       ||    16
       Battleaxe         |       |       |       |   259 |   544 ||   803
       Trident           |       |       |       |       |     6 ||     6
Invok: Lesser Servant of |       |       |       |     4 |       ||     4
Evoke: Wand              |       |       |     2 |    21 |    10 ||    33
  Use: Potion            |       |     5 |     2 |    10 |     1 ||    18
       Scroll            |       |     8 |     5 |    16 |     9 ||    38
 Stab: Paralysed         |       |       |       |    14 |       ||    14
       Distracted        |       |       |       |     2 |       ||     2
  Eat: Chunk             |       |     4 |     4 |    15 |     4 ||    27
       Ration            |       |     1 |     3 |     2 |     2 ||     8
Armor: Scale mail        |    44 |    84 |   169 |   266 |       ||   563
       Skin              |       |     9 |     5 |       |       ||    14
       Troll leather arm |       |       |       |   103 |   296 ||   399
Dodge: Dodged            |    42 |   101 |   182 |   466 |   429 ||  1220

Table legend:
 A = Non-vault XP
 B = Vault XP
 C = Vault XP percentage of total XP
 D = Non-vault monster count
 E = Vault monster count
 F = Vault count percentage of total count
                 A         B        C        D         E       F
            +---------+---------+-------+---------+---------+-------
      Total |   51215 |   29418 |  36.5 |     404 |     182 |  31.1
            +---------+---------+-------+---------+---------+-------
        D:1 |      53 |       5 |   8.6 |      30 |       2 |   6.2
        D:2 |     131 |       0 |   0.0 |      20 |       0 |   0.0
        D:3 |      72 |      77 |  51.7 |      22 |       2 |   8.3
        D:4 |     131 |     894 |  87.2 |       5 |       5 |  50.0
        D:5 |      75 |     354 |  82.5 |       5 |      10 |  66.7
        D:6 |    1067 |       0 |   0.0 |      26 |       0 |   0.0
        D:7 |     987 |     455 |  31.6 |      30 |       1 |   3.2
        D:8 |    1529 |       0 |   0.0 |      15 |       0 |   0.0
        D:9 |    3190 |    3246 |  50.4 |      45 |      30 |  40.0
       D:10 |    3334 |    1543 |  31.6 |      23 |       6 |  20.7
       D:11 |    4065 |     984 |  19.5 |      35 |       7 |  16.7
       D:12 |    1958 |       0 |   0.0 |       5 |       0 |   0.0
     Lair:1 |    2650 |    1949 |  42.4 |      11 |       6 |  35.3
     Lair:2 |    4864 |       0 |   0.0 |      25 |       0 |   0.0
     Lair:3 |    9488 |     648 |   6.4 |      46 |       6 |  11.5
     Lair:4 |    3794 |    8725 |  69.7 |      21 |      47 |  69.1
     Lair:5 |    4233 |       0 |   0.0 |      13 |       0 |   0.0
     Lair:6 |    9594 |   10538 |  52.3 |      27 |      60 |  69.0
            +---------+---------+-------+---------+---------+-------
